 Dungeon Crawl Stone Soup version 0.31.0-11-ge490571c62 (webtiles) character file.

Game seed: 17999248185962700438

301 Gadfly the Ruffian (level 6, -3/46 HPs)
             Began as a Demonspawn Shapeshifter on Jan 27, 2024.
             Slain by Edmund
             ... wielding a +3 flail of protection
              (13 damage)
             ... on level 3 of the Dungeon.
             The game lasted 00:04:56 (3767 turns).

Gadfly the Ruffian (Demonspawn Shapeshifter)        Turns: 3767, Time: 00:04:56

Health: -3/46      AC:  4    Str: 16    XL:     6   Next: 14%
Magic:  6/6        EV: 13    Int: 10    God:
Gold:   101        SH:  0    Dex: 13    Spells: 1/5 levels left

rFire   . .          .
                       - Unarmed
rCold   . . .        (no shield)
rNeg    . . .        a - +0 animal skin
rPois   .            (helmet currently unavailable)
rElec   .            (cloak currently unavailable)
rCorr   .            k - melded +0 pair of gloves
SInv    .            f - melded +0 pair of boots
Will    .....        (no amulet)
Stlth   +            (no ring)
HPRegen 0.27/turn    (no ring)
MPRegen 0.10/turn

%: no passive effects
@: beast-form
A: beast (slay +1), slimy green scales 1, foul stench 1, powered by pain 1
a: Begin Untransformation


You were on level 3 of the Dungeon.
You were a hulking beast.
You visited 1 branch of the dungeon, and saw 4 of its levels.

You collected 101 gold pieces.

Inventory:

Hand Weapons
 b - a +1 rapier of protection
Armour
 a - a +0 animal skin (worn)
 f - a +0 pair of boots (melded)
 j - a +0 helmet
 k - a +0 pair of gloves (melded)
Talismans
 c - a beast talisman (active)
 d - a flux talisman
Potions
 e - 3 potions of attraction
 g - 2 potions of lignification
 h - a potion of mutation
 i - a potion of heal wounds {unknown}
 o - a potion of enlightenment {unknown}


   Skills:
 + Level 2.4 Fighting
 * Level 3.5 Dodging
 + Level 3.5 Unarmed Combat
 * Level 2.9 Evocations
 + Level 3.2 Shapeshifting


You had one spell level left.
You knew the following spells:

 Your Spells              Type           Power      Damage    Failure   Level
a - Apportation           Tloc           0%         N/A       36%         1
b - Sigil of Binding      Hex            0%         N/A       75%         3

Your spell library contained the following spells:

 Spells                   Type           Power      Damage    Failure   Level
 Necrotise                Necr           0%         1d4       36%         1
 Sting                    Conj/Alch      0%         1d3       36%         1
 Summon Small Mammal      Summ           0%         N/A       36%         1
 Call Canine Familiar     Summ           0%         N/A       75%         3
 Tukima's Dance           Hex            0%         N/A       75%         3
 Dimensional Bullseye     Hex/Tloc       0%         N/A       98%         4
 Passage of Golubria      Tloc           0%         N/A       98%         4
 Yara's Violent Unravell  Hex/Alch       0%         3d3       100%        5


Dungeon Overview and Level Annotations

Branches:
Dungeon (4/15)
 Temple: D:4-7

Altars:

Annotations:
D:3 Edmund


Innate Abilities, Weirdness & Mutations

You are a hulking beast.
Your limbs bulge with bestial killing power. (Slay +1)
You are partially covered in slimy green scales. (AC +2)
You may rarely emit foul miasma when damaged in melee.
You sometimes gain a little power by taking damage.


Message History

Edmund is lightly wounded.
Edmund completely misses you.
You hit Edmund.
Edmund is moderately wounded.
The endoplasm freezes you.
You are frozen.
Edmund hits you with a +3 flail of protection.
You hit Edmund but do no damage.
Edmund is moderately wounded.
The endoplasm hits you but does no damage.
Edmund hits you with a +3 flail of protection.
You are too injured to fight recklessly!
You are too injured to fight recklessly!
You are too injured to fight recklessly!
You are too injured to fight recklessly!
You are too injured to fight recklessly!
You are too injured to fight recklessly!
You are too injured to fight recklessly!
You are too injured to fight recklessly!
You are too injured to fight recklessly!
You are too injured to fight recklessly!
You are too injured to fight recklessly!
Unknown command.
The endoplasm barely misses you.
The endoplasm attacks as it pursues you!
The endoplasm hits you. Edmund attacks as he pursues you!
Edmund hits you with a +3 flail of protection.
There is a stone staircase leading up, spattered with blood here.
The endoplasm freezes you.
You are frozen.
* * * LOW HITPOINT WARNING * * *
Edmund gestures with his flail.
Edmund misses you.
You climb upwards.
There is a stone staircase leading down here.
The endoplasm hits you but does no damage.
Edmund attacks as he pursues you!
Edmund hits you with a +3 flail of protection!
You die...
Edmund says, "I'd like to see a scythe do that!"

#.# #.######.# # #.# #.#
#.# # ### #.# #.# #.#
###### ..#####.#
#.######.#### #.....
.....<..# #........>#.##
#.####
#.####..###......#.#.#.##
##.#
......................#.#
#..#
........####...J.#.#...##
#.##
..####.#####...@h...#.##
#.# ..#
#..>....[..###.##.# #.#
.## #..######..# #.##.#
#.# .# #..# #..# #.##.#
#.# .# #..# #..# #.##.#
#.# .# #..### #..# #.##.#
##.##### .## #....# #..#
#.##.####...<... ..#
#.##.# #..#
#.##.(.....##### ..#
#.##.# #..# #.........##


You could see Edmund and an endoplasm.

Vanquished Creatures
  Eustachio (D:3)
  8 adders
  4 ribbon worms
  2 orcs (D:4)
  6 endoplasms
  5 giant cockroaches
  9 goblins
  8 hobgoblins
  3 kobolds
  3 quokkas
  12 ball pythons
  8 bats
  4 frilled lizards
  7 rats
80 creatures vanquished.

Notes
Turn   | Place    | Note
-------+----------+-------------------------------------------
     0 | D:1      | Gadfly the Demonspawn Shapeshifter began the quest for the
                  | Orb.
     0 | D:1      | Reached XP level 1. HP: 15/15 MP: 1/1
   220 | D:1      | Gained mutation: You may rarely emit foul miasma when
                  | damaged in melee. [demonic ancestry]
   220 | D:1      | Reached XP level 2. HP: 16/21 MP: 2/2
   439 | D:1      | Reached skill level 1 in Evocations
   642 | D:1      | You fall into a shaft and drop 1 floor!
   795 | D:2      | Reached XP level 3. HP: 11/26 MP: 3/3
  1817 | D:2      | Reached XP level 4. HP: 28/33 MP: 4/4
  2407 | D:3      | Learned a level 1 spell: Apportation
  2917 | D:3      | Gained mutation: You are partially covered in slimy green
                  | scales. (AC +2) [demonic ancestry]
  2917 | D:3      | Reached XP level 5. HP: 33/38 MP: 5/5
  3320 | D:3      | Learned a level 3 spell: Sigil of Binding
  3362 | D:4      | Noticed Eustachio
  3378 | D:4      | HP: 1/38 [Eustachio/+1 rapier of protection (7)]
  3541 | D:3      | Killed Eustachio
  3542 | D:3      | Gained mutation: You sometimes gain a little power by
                  | taking damage. [demonic ancestry]
  3542 | D:3      | Reached XP level 6. HP: 4/46 MP: 6/6
  3732 | D:4      | Noticed Edmund
  3767 | D:3      | Slain by Edmund

Illustrated notes

Levels and vault maps discovered:
D:1:      dpeg_arrival_rooms_b, layout_basic
D:2:      layout_loops_ring
D:3:      layout_loops_ring, minmay_snake_closets
D:4:      nicolae_cairo_tiling_large_dashed, layout_rooms, uniq_edmund,
          uniq_eustachio

Skill      XL: |  1  2  3  4 |
---------------+-------------+-----
Dodging        | 2 3 |  3.5
Evocations     | 1 2 |  2.9
Unarmed Combat | 3 |  3.5
Shapeshifting  | 3 |  3.2
Fighting       | 2 |  2.4

Action                     |  1- 3 |  4- 6 || total
---------------------------+-------+-------++-------
  Melee: Unarmed           |   141 |   143 ||   284
         Punch             |     2 |     1 ||     3
Ability: Begin Untransform |     1 |     1 ||     2
    Use: Scroll            |     4 |     4 ||     8
         Potion            |     1 |     5 ||     6
   Stab: Sleeping          |       |     1 ||     1
 Armour: Animal skin       |    65 |    85 ||   150
  Dodge: Dodged            |    91 |    74 ||   165
   Form: Beast             |     1 |     1 ||     2
